 Dungeon Crawl Stone Soup version 0.28.0-45-g0d030f2227 (webtiles) character file.

Game seed: 17094325256702997174

42 issech the Cudgeller (level 3, -3/36 HPs)
             Began as a Troll Monk on Apr 14, 2022.
             Slain by a gnoll
             ... wielding a +0 halberd
              (4 damage)
             ... on level 2 of the Dungeon.
             The game lasted 00:03:41 (817 turns).

issech the Cudgeller (Troll Monk)                    Turns: 817, Time: 00:03:42

Health: -3/36      AC:  4    Str: 19    XL:     3   Next: 35%
Magic:  2/2        EV: 10    Int:  6    God:
Gold:   56         SH:  0    Dex: 14    Spells: 2/2 levels left

rFire   . . .      SeeInvis .   a - +0 mace
rCold   . . .      Faith    .   (no shield)
rNeg    . . .      Spirit   .   b - +0 robe
rPois   .          Reflect  .   (helmet restricted)
rElec   .          Harm     .   (no cloak)
rCorr   .          Rampage  .   (gloves unavailable)
Will    .....                   (boots unavailable)
Stlth   ++........              (no amulet)
HPRegen 0.92/turn               (no ring)
MPRegen 0.08/turn               (no ring)

@: no status effects
A: large, unfitting armour, claws 3, regeneration 1, shaggy fur 1, tough skin 1
a: no special abilities


You were on level 2 of the Dungeon.
You visited 1 branch of the dungeon, and saw 2 of its levels.

You collected 56 gold pieces.

Inventory:

Hand Weapons
 a - a +0 mace (weapon)
Missiles
 c - 28 stones (quivered)
 g - 3 poisoned darts
Armour
 b - a +0 robe (worn)
Scrolls
 d - a scroll of fear {unknown}
 e - a scroll of fog {unknown}
 i - a scroll of magic mapping {unknown}
Potions
 f - a potion of might {unknown}
 h - a potion of heal wounds {unknown}
 j - a potion of ambrosia {unknown}


   Skills:
 + Level 2.8 Fighting
 + Level 3.2 Maces & Flails
 + Level 0.2 Throwing
 + Level 2.8 Dodging
 + Level 1.0 Stealth


You had 2 spell levels left.
You didn't know any spells.
Your spell library was empty.

Dungeon Overview and Level Annotations

Branches:
Dungeon (2/15)

Altars:

Shops:
D:2 !


Innate Abilities, Weirdness & Mutations

You are too large for most types of armour.
You have claws for hands.
Your natural rate of healing is unusually fast.
You are covered in fur. (AC +1)
You have tough skin. (AC +1)


Message History

A gnoll comes into view. It is wielding a +0 halberd.
You hit the adder.
The adder is heavily wounded.
The adder bites you. The adder completely misses you.
You hit the adder.
The adder is severely wounded.
The adder bites you.
You are poisoned.
The adder poisons you! The gnoll hits you with a +0 club.
The adder bites you but does no damage. The gnoll hits you with a +0 club.
You feel sick. The gnoll hits you with a +0 club.
You feel sick.
You feel sick. The adder barely misses you.
You feel sick.
You feel sick.
You are no longer poisoned.
The adder bites you but does no damage. The adder bites you.
You are poisoned.
The adder poisons you!
You feel sick.
You feel sick.
You hit the adder.
The adder is almost dead.
You feel sick. The adder bites you. x2
You hit the adder.
You kill the adder!
You feel sick.
You are no longer poisoned.
You sock the goblin!
You kill the goblin!
The gnoll hits you from afar with a +0 halberd!
* * * LOW HITPOINT WARNING * * *
The gnoll hits you with a +0 halberd.
* * * LOW HITPOINT WARNING * * *
You see here a +0 club.
You barely miss the gnoll. The gnoll hits you with a +0 halberd.
* * * LOW HITPOINT WARNING * * *
The gnoll hits you with a +0 halberd.
You die...

..##<# #
#.##.#
#.##.##.#
#.......#
####.####
#......#
#.##.#.# #
#.#.# #.#@#
#. #.#g#
.#.##.#g#
........#
###.#...#
#.###.# .
##.###.#
.##.#...##.#
(......(...##


You could see 2 gnolls.

Vanquished Creatures
  An adder (D:2)
  A worm (D:2)
  3 bats (D:1)
  2 endoplasms (D:1)
  A giant cockroach (D:1)
  6 goblins
  2 jackals (D:1)
  A quokka (D:1)
  2 ball pythons (D:1)
  A frilled lizard (D:2)
  5 kobolds (D:1)
  3 rats (D:1)
28 creatures vanquished.

Notes
Turn   | Place    | Note
-------+----------+-------------------------------------------
     0 | D:1      | issech the Troll Monk began the quest for the Orb.
     0 | D:1      | Reached XP level 1. HP: 22/22 MP: 0/0
   162 | D:1      | Reached XP level 2. HP: 24/29 MP: 1/1
   183 | D:1      | Reached skill level 3 in Maces & Flails
   774 | D:2      | Reached XP level 3. HP: 36/36 MP: 2/2
   789 | D:2      | Found Huscho's Distillery.
   817 | D:2      | HP: 1/36 [gnoll/+0 halberd (2)]
   817 | D:2      | Slain by a gnoll

Illustrated notes

Levels and vault maps discovered:
D:1:      mrwooster_arrival_arrow, layout_basic
D:2:      layout_loops_cross, basic_altar, serial_shops, nicolae_square_shop,
          minmay_shallow_snake_nest

Skill      XL: |  1  2 |
---------------+-------+-----
Maces & Flails | 3 |  3.2
Fighting       | |  2.8
Throwing       | |  0.2
Dodging        | |  2.8
Stealth        | |  1.0

Action                   || total
-------------------------++-------
Melee: Mace              ||    78
Throw: Stone             ||    34
Armor: Robe              ||    27
Dodge: Dodged            ||    41
